 Dungeon Crawl Stone Soup version 0.27.1 (webtiles) character file.

Game seed: 13937758840507705576

3035 fiver49 the Slicer (level 9, -1/43 HPs)
             Began as a Spriggan Enchanter on Aug 23, 2021.
             Was a Follower of Dithmenos.
             Shot with a sling bullet by Joseph (3 damage)
             ... on level 7 of the Dungeon.
             The game lasted 00:28:37 (12823 turns).

fiver49 the Slicer (Spriggan Enchanter)            Turns: 12823, Time: 00:28:37

Health: -1/43      AC:  5    Str:  5    XL:     9   Next: 56%
Magic:  17/19      EV: 19    Int: 19    God:    Dithmenos [*.....]
Gold:   255        SH:  5    Dex: 15    Spells: 14/20 levels left

rFire    . . .     SeeInvis +   z - +0 dagger (venom)
rCold    . . .     Faith    .   (shield restricted)
rNeg     . . .     Spirit   .   D - +0 steam dragon scales
rPois    +         Reflect  +   (helmet restricted)
rElec    .         Harm     .   (no cloak)
rCorr    .         Rampage  .   (gloves unavailable)
Will     +....                  (boots unavailable)
Stlth    +++.......             w - amulet of reflection
HPRegen  0.14/turn              f - ring of poison resistance
MPRegen  0.16/turn              (no ring)

@: wreathed by umbra, very quick
A: very small, no large weapons, unfitting armour, see invisible, speed 3
a: Renounce Religion


You were on level 7 of the Dungeon.
You worshipped Dithmenos.
Dithmenos was aware of your devotion.
You visited 1 branch of the dungeon, and saw 7 of its levels.
You also visited: Ossuary.

You collected 255 gold pieces.

Inventory:

Hand Weapons
 n - a +3 short sword
   (You found it on level 2 of the Dungeon)
 u - a +2 short sword of freezing
   (You found it on level 4 of the Dungeon)
 z - a +0 dagger of venom (weapon)
   (You took it off an orc wizard on level 5 of the Dungeon)
Missiles
 G - 8 poisoned darts (quivered)
Armour
 b - a +0 robe
 D - +0 steam dragon scales (worn)
   (You found it on level 7 of the Dungeon)
Jewellery
 f - a ring of poison resistance (left hand)
   (You found it on level 1 of the Dungeon)
 w - an amulet of reflection (around neck)
   (You found it on level 4 of the Dungeon)
Wands
 t - a wand of iceblast (23)
   (You found it on level 4 of the Dungeon)
 x - a wand of polymorph (6)
   (You took it off an orc on level 4 of the Dungeon)
 B - a wand of flame (25)
   (You found it on level 6 of the Dungeon)
Scrolls
 d - a scroll of enchant weapon {unknown}
 e - a scroll of amnesia {unknown}
 i - 2 scrolls of vulnerability
 o - 2 scrolls of teleportation {unknown}
 q - a scroll of enchant armour {unknown}
 r - a scroll of fear {unknown}
 s - a scroll of fog {unknown}
 v - 2 scrolls of immolation {unknown}
 F - a scroll of torment {unknown}
 I - a scroll of noise {unknown}
Potions
 g - 5 potions of curing
 h - 3 potions of flight
 j - 2 potions of heal wounds
 l - 3 potions of mutation {unknown}
 m - 2 potions of haste
 p - 2 potions of lignification
 C - a potion of might {unknown}
 E - a potion of berserk rage
 H - a potion of attraction {unknown}
Miscellaneous
 A - a phantom mirror
   (You found it on level 5 of the Dungeon)


   Skills:
 + Level 2.5 Fighting
 - Level 10.0 Short Blades
 + Level 5.2 Dodging
 - Level 5.0 Stealth
 * Level 6.4 Spellcasting
 * Level 9.0 Hexes


You had 14 spell levels left.
You knew the following spells:

 Your Spells              Type           Power      Damage    Failure   Level
a - Corona                Hex            44%        N/A       1%          1
b - Confusing Touch       Hex            40%        N/A       1%          3
c - Ensorcelled Hibernat  Hex/Ice        46%        N/A       2%          2

Your spell library contained the following spells:

 Spells                   Type           Power      Damage    Failure   Level
 Tukima's Dance           Hex            40%        N/A       1%          3
 Dazzling Flash           Conj/Hex       46%        N/A       4%          3
 Inner Flame              Hex/Fire       23%        N/A       4%          3
 Foxfire                  Conj/Fire      24%        2x1d5     11%         1
 Shock                    Conj/Air       24%        1d4       11%         1
 Conjure Flame            Conj/Fire      6%         6-21      32%         3
 Frozen Ramparts          Ice            12%        1d3       32%         3
 Gell's Gravitas          Tloc           3%         N/A       32%         3
 Lesser Beckoning         Tloc           3%         N/A       32%         3
 Spider Form              Tmut/Pois      3%         N/A       32%         3
 Swiftness                Air            6%         N/A       32%         3
 Teleport Other           Tloc           6%         N/A       32%         3
 Airstrike                Air            3%         N/A       71%         4
 Ice Form                 Ice/Tmut       6%         N/A       71%         4
 Summon Ice Beast         Ice/Summ       6%         N/A       71%         4
 Shadow Creatures         Summ           N/A        N/A       100%        6
 Chain Lightning          Conj/Air       3%         3d4       100%        9
 Fire Storm               Conj/Fire      3%         8d1       100%        9


Dungeon Overview and Level Annotations

Branches:
Dungeon (7/15)             Temple (0/1) D:7         Ossuary (visited)

Altars:
Dithmenos
Elyvilon
Fedhas

Shops:
D:1 :

Annotations:
D:2 exclusion: phantom
D:5 4 runed translucent doors
D:7 Joseph


Innate Abilities, Weirdness & Mutations

You are very small and have problems with some larger weapons.
You are too small for most types of armour.
You have supernaturally acute eyesight. (SInv)
You cover ground extremely quickly. (Speed+++)


Message History

Dithmenos accepts your kill.
You kill the kobold!
Dithmenos accepts your kill. The kobold brigand misses you.
The kobold brigand hits you with a +0 dagger.
The kobold closely misses you.
There is a stone staircase leading down here.
Things that are here:
a +0 dagger; a stone You hit the kobold.
The kobold is severely wounded.
You miss the kobold.
The kobold is severely wounded.
The kobold brigand barely misses you. You block the kobold's attack.
You closely miss the kobold brigand.
The kobold brigand is moderately wounded.
You completely miss the kobold brigand.
The kobold brigand is heavily wounded.
Joseph, a Mercenary comes into view.
He is wielding a +0 quarterstaff.
The kobold brigand completely misses you.
The kobold hits you but does no damage.
Joseph shouts!
You hit the kobold but do no damage.
The kobold is poisoned.
The kobold is severely wounded.
You kill the kobold!
Dithmenos accepts your kill.
Casting: Confusing Touch (safe; 1% risk of failure)
Confirm with . or Enter, or press ? or * to list all spells.
Aiming: Ensorcelled Hibernation (safe; 2% risk of failure)
Press: ? - help, Shift-Dir - straight line, f - Joseph
Aim: Joseph, wielding a +0 quarterstaff, wearing a +0 leather armour and quivering sling bullets (chance to affect: 35%) Joseph easily resists.
Joseph unwields a +0 quarterstaff.
Joseph wields a +2 hunting sling of flaming.
It bursts into flame!
Joseph shoots a sling bullet.
You reflect the sling bullet off an invisible shield around you!
The sling bullet hits Joseph!!
The sling bullet burns Joseph.
The kobold brigand hits you with a +0 dagger.
Casting: Ensorcelled Hibernation (safe; 2% risk of failure)
Confirm with . or Enter, or press ? or * to list all spells.
Aiming: Ensorcelled Hibernation (safe; 2% risk of failure)
Press: ? - help, Shift-Dir - straight line, f/p - Joseph
Aim: Joseph, wielding a +2 hunting sling of flaming, wearing a +0 leather armour and quivering sling bullets (moderately wounded, chance to affect: 35%) Joseph easily resists.
Joseph shoots a sling bullet.
The sling bullet completely misses you. The kobold brigand misses you.
Casting: Ensorcelled Hibernation (safe; 2% risk of failure)
Confirm with . or Enter, or press ? or * to list all spells.
Aiming: Ensorcelled Hibernation (safe; 2% risk of failure)
Press: ? - help, Shift-Dir - straight line, f/p - Joseph
Aim: Joseph, wielding a +2 hunting sling of flaming, wearing a +0 leather armour and quivering sling bullets (moderately wounded, chance to affect: 35%) Joseph looks drowsy...
You block the kobold brigand's attack.
Things that are here:
a +0 dagger; 5 stones; a kobold corpse The kobold brigand throws a poisoned dart.
The poisoned dart closely misses you.
The poisoned dart hits Joseph!
Joseph is poisoned.
Joseph shouts!
Joseph tries to grin evilly.
Joseph unwields a +2 hunting sling of flaming.
It stops flaming.
Joseph wields a +0 quarterstaff.
Joseph drinks a potion.
Joseph goes berserk!
Casting: Ensorcelled Hibernation (safe; 2% risk of failure)
Confirm with . or Enter, or press ? or * to list all spells.
Okay, then.
Dithmenos accepts your kill.
You feel a bit more experienced.
Your Hexes skill increases to level 9!
Casting: Ensorcelled Hibernation (safe; 2% risk of failure)
Confirm with . or Enter, or press ? or * to list all spells.
You can't see any susceptible monsters within range! (Use Z to cast anyway.) Unknown command.
Press: ? - help, v - describe, . - travel
Here: Joseph, wielding a +0 quarterstaff, wearing a +0 leather armour and quivering sling bullets (heavily wounded, berserk, poisoned)
The floor.
Aiming: Polymorph
Press: ? - help, Shift-Dir - straight line, f/p - Joseph
Aim: Joseph, wielding a +0 quarterstaff, wearing a +0 leather armour and quivering sling bullets (heavily wounded, berserk, poisoned, will become a wind drake, a sky beast, or a harpy, chance to affect: 28%)
Okay, then.
Aiming: Iceblast
Press: ? - help, Shift-Dir - straight line, f/p - Joseph
Aim: Joseph, wielding a +0 quarterstaff, wearing a +0 leather armour and quivering sling bullets (heavily wounded, berserk, poisoned)
The mass of ice explodes!
The iceblast engulfs Joseph.
Joseph is heavily wounded.
You hit Joseph but do no damage.
Joseph looks even sicker.
Joseph is heavily wounded.
Joseph closely misses you.
You hit Joseph but do no damage.
Joseph is heavily wounded.
You closely miss Joseph.
Joseph is heavily wounded.
Joseph hits you with a +0 quarterstaff!!
Ouch! That really hurt!
* * * LOW HITPOINT WARNING * * *
Joseph rages.
Joseph rages.
Joseph is no longer berserk.
Joseph unwields a +0 quarterstaff.
Joseph wields a +2 hunting sling of flaming.
It bursts into flame!
Joseph shoots a sling bullet.
The sling bullet hits you!
* * * LOW HITPOINT WARNING * * *
The sling bullet burns you.
You die...

###.## #.).####.......# #.# ...##
#...[.##... .. #.# [.##
#...#.##.##.#.# ###.### ..#
##)##.......#.# #...... ..#
####.#####)####.# #.#.##. ..#
#.......##.####.# #.#.##.
..######........#......# #.#)##.
.......#........##.....####.#)##.
.......[........@<)....##....>...
.......#[.......##...).##.#.))...
..######........##.....# ###.#.#
..# #........######### #..#.#
..## ####.#.#.# #.##.##.# ...#
#.#.#@# #.......# ##.##
#...#.############.#### #...##
#####.....(..# #.# .....##
#..#####.# #.#


You could see Joseph (poisoned, slow).

Vanquished Creatures
  A troll (D:6)
  A hornet (D:7)
  A steam dragon (D:7)
  A water moccasin (D:7)
  3 orc warriors (D:7)
  An ice beast (D:7)
  3 ogres
  2 centaurs
  A phantom (D:6)
  2 kobold brigands
  A bullfrog (D:7)
  A scorpion (D:5)
  A water moccasin zombie (D:5)
  3 wyvern skeletons
  6 wights
  2 howler monkeys (D:5)
  A bullfrog zombie (D:5)
  2 jellies
  A bullfrog skeleton (D:5)
  4 orc priests (D:7)
  4 hounds
  Jessica (D:2)
  An iguana (D:5)
  An orc wizard (D:5)
  Natasha (thrice) (D:3)
  A hound skeleton (D:5)
  A mummy (Ossuary)
  A howler monkey zombie (D:5)
  A howler monkey skeleton (D:6)
  3 adders
  5 gnolls
  A white imp (D:6)
  An ufetubus (D:3)
  An adder zombie (D:5)
  A worm (D:4)
  An adder skeleton (D:4)
  A dart slug (D:1)
  13 orcs
  5 ball pythons
  9 endoplasms
  A giant cockroach (D:3)
  8 hobgoblins
  4 jackals (D:1)
  8 kobolds
  2 quokkas
  A ball python skeleton (D:3)
  5 bats
  2 frilled lizards (D:2)
  8 goblins
  5 rats
137 creatures vanquished.

Vanquished Creatures (others)
  2 plants (D:3)
2 creatures vanquished.

Grand Total: 139 creatures vanquished

Notes
Turn   | Place    | Note
-------+----------+-------------------------------------------
     0 | D:1      | fiver49 the Spriggan Enchanter began the quest for the Orb.
     0 | D:1      | Reached XP level 1. HP: 9/9 MP: 5/5
    11 | D:1      | Found Istodeps's Book Shop.
   183 | D:1      | Reached XP level 2. HP: 13/13 MP: 6/6
   304 | D:1      | Reached skill level 3 in Dodging
   522 | D:1      | HP: 3/13 [constriction (1)]
   524 | D:1      | Reached skill level 3 in Spellcasting
  1138 | D:2      | Noticed Jessica
  1231 | D:2      | Reached skill level 4 in Hexes
  1490 | D:2      | Noticed a phantom
  1524 | D:2      | HP: 1/13 [hound (3)]
  1841 | D:1      | Reached skill level 5 in Stealth
  2467 | D:2      | Reached skill level 2 in Short Blades
  2754 | D:2      | HP: 1/13 [Jessica/nerve-wracking pain (12)]
  3125 | D:2      | Reached XP level 3. HP: 15/16 MP: 6/8
  3518 | D:2      | Killed Jessica
  3519 | D:2      | Reached skill level 3 in Short Blades
  3519 | D:2      | Reached XP level 4. HP: 11/21 MP: 7/9
  3847 | D:3      | Learned a level 3 spell: Confusing Touch
  4291 | D:3      | Noticed Natasha
  4303 | D:3      | Killed Natasha
  4304 | D:3      | Reached XP level 5. HP: 17/24 MP: 8/10
  4447 | D:3      | Noticed Natasha
  4457 | D:3      | Killed Natasha
  4458 | D:3      | Reached skill level 4 in Short Blades
  4458 | D:3      | Reached skill level 5 in Hexes
  4862 | D:3      | Noticed Natasha
  4872 | D:3      | Killed Natasha
  5234 | D:4      | Found a shadowy altar of Dithmenos.
  5525 | D:4      | Noticed an ogre
  5536 | D:4      | Killed an ogre
  5537 | D:4      | Reached skill level 6 in Hexes
  5537 | D:4      | Reached XP level 6. HP: 28/28 MP: 7/11
  6189 | D:5      | Entered Level 5 of the Dungeon
  6227 | D:5      | Reached skill level 5 in Short Blades
  6227 | D:5      | Reached skill level 7 in Hexes
  6504 | D:4      | Became a worshipper of Dithmenos the Shadowed
  6526 | D:5      | Found a sand-covered staircase.
  6544 | D:5      | Reached XP level 7. HP: 31/32 MP: 8/12
  6549 | Ossuary  | Entered an ossuary
  6562 | Ossuary  | HP: 2/32 [mummy (13)]
  6893 | D:5      | Reached skill level 6 in Short Blades
  7383 | D:5      | Reached skill level 7 in Short Blades
  7384 | D:5      | Found a blossoming altar of Fedhas.
  7676 | D:5      | Found a large runed translucent door.
  7780 | D:5      | HP: 5/32 [orc (5)]
  7781 | D:5      | HP: 2/32 [orc (4)]
  8095 | D:4      | HP: 8/32 [orc (7)]
  8353 | D:5      | Reached skill level 8 in Short Blades
  8540 | D:5      | HP: 8/32 [gnoll (6)]
  8907 | D:5      | Found a large runed translucent door.
  8907 | D:5      | Found a large runed translucent door.
  8989 | D:5      | Found a large runed translucent door.
  9005 | D:5      | Reached XP level 8. HP: 36/36 MP: 13/13
  9304 | D:6      | Reached skill level 9 in Short Blades
  9461 | D:6      | HP: 5/36 [wyvern skeleton (13)]
 10094 | D:6      | Noticed a troll
 10855 | D:6      | Killed a troll
 10856 | D:6      | Reached skill level 10 in Short Blades
 11071 | D:6      | Reached skill level 1 in Fighting
 11071 | D:6      | Reached skill level 4 in Spellcasting
 11455 | D:7      | Found a staircase to the Ecumenical Temple.
 11470 | D:7      | Noticed a hornet
 11512 | D:6      | Learned a level 2 spell: Ensorcelled Hibernation
 11574 | D:7      | Reached skill level 4 in Dodging
 11574 | D:7      | Reached XP level 9. HP: 41/41 MP: 13/17
 11627 | D:7      | Reached skill level 8 in Hexes
 11669 | D:7      | Reached skill level 5 in Spellcasting
 11809 | D:7      | Found a white marble altar of Elyvilon.
 11912 | D:7      | Reached * piety under Dithmenos
 12158 | D:7      | Reached skill level 2 in Fighting
 12569 | D:7      | Reached skill level 5 in Dodging
 12569 | D:7      | Reached skill level 6 in Spellcasting
 12774 | D:7      | Noticed Joseph
 12787 | D:7      | Reached skill level 9 in Hexes
 12823 | D:7      | HP: 2/43 [Joseph/sling bullet (11)]
 12823 | D:7      | Shot with a sling bullet by Joseph

Illustrated notes

Levels and vault maps discovered:
D:1:      dpeg_arrival_tiny_c, layout_basic, serial_shops, shop
D:2:      layout_rooms, chequers_ecumenical_altar_simple,
          minmay_misc_feat_secret_circle, uniq_jessica
D:3:      layout_rooms, chequers_big_river, grunt_ministairs_9, uniq_natasha
D:4:      layout_loops_corners, nicolae_overflow_hidden_temple
D:5:      layout_rooms, mainiacjoe_overflow_catwalk,
          nicolae_ossuary_entry_ruins, st_stairs_11,
          minmay_hollow_rounded_squares
D:6:      layout_basic, serial_co_window_serial, co_window_paths_a,
          co_window_of_opportunity_a, co_window_of_opportunity_a,
          co_window_cross_1, co_window_paths_a, co_window_corner_ca,
          co_window_2corner, co_window_broadway_a, co_window_corner_b,
          co_window_corner_cb, co_window_unsneaky_path_b, co_window_4corner_b,
          glass_columns_a, glass_columns_a, glass_columns_a, glass_columns_a
D:7:      layout_loops_cross, lemuel_round_altar, minmay_temple_entry_mist,
          uniq_joseph

Skill      XL: |  1  2  3  4  5  6  7  8  9 |
---------------+----------------------------+-----
Dodging        | 3 4 5 |  5.2
Spellcasting   | 3 4 6 |  6.4
Hexes          | 4 6 7 9 |  9.0
Stealth        | 5 |  5.0
Short Blades   | 2 3 4 5 8 10 | 10.0
Fighting       | 1 2 |  2.5

Action                   |  1- 3 |  4- 6 |  7- 9 || total
-------------------------+-------+-------+-------++-------
Melee: Dagger            |   145 |       |   232 ||   377
       Short sword       |     7 |   153 |   135 ||   295
Throw: Dart              |    28 |    16 |     4 ||    48
 Cast: Corona            |    17 |    15 |     2 ||    34
       Confusing Touch   |       |     3 |    16 ||    19
       Ensorcelled Hiber |       |       |    22 ||    22
Evoke: Wand              |       |       |     4 ||     4
  Use: Scroll            |       |       |     5 ||     5
       Potion            |       |       |     1 ||     1
 Stab: Sleeping          |     7 |     7 |    17 ||    31
       Confused          |       |     4 |    14 ||    18
       Distracted        |       |     1 |     1 ||     2
Armor: Robe              |    18 |     3 |     9 ||    30
       Steam dragon scal |       |       |     2 ||     2
Dodge: Dodged            |   148 |    85 |   167 ||   400
Block: Other             |       |    15 |    53 ||    68
       Reflection        |       |       |     2 ||     2

Table legend: (Time is in decaauts)
 A = Elapsed time spent in this place.
 B = Non-inter-level travel time spent in this place.
 C = Inter-level travel time spent in this place.
 D = Time resting spent in this place.
 E = Time spent auto-exploring this place.
 F = Levels seen in this place.
 G = Mean time per level.
                   A        B        C        D        E       F      G
               +--------+--------+--------+--------+--------+-----+--------+
         Total |  10299 |  10008 |    291 |   2616 |   5496 |   8 | 1287.4 |
       Dungeon |  10284 |   9993 |    291 |   2616 |   5496 |   7 | 1469.1 |
       Ossuary |     15 |     15 |      0 |      0 |      0 |   1 |   15.0 |
               +--------+--------+--------+--------+--------+-----+--------+

Top non-repeatable levels by time:
     D:1: 2350 daAuts
     D:5: 1779 daAuts
     D:6: 1738 daAuts
     D:4: 1611 daAuts
     D:7: 1003 daAuts
     D:3: 950 daAuts
     D:2: 850 daAuts
 Ossuary: 15 daAuts

Table legend:
 A = Kills in this place as a percentage of kills in entire the game.
 B = Kills by you in this place as a percentage of kills by you in the entire game.
 C = Kills by friends in this place as a percentage of kills by friends in the entire game.
 D = Other kills in this place as a percentage of other kills in the entire game.
 E = Experience gained in this place as a percentage of experience gained in the entire game.
 F = Experience gained in this place divided by the number of levels of this place that you have seen.
                   A       B       C       D       E      F
               +-------+-------+-------+-------+-------+----------------------
         Total | 100.0 | 100.0 |   N/A |   N/A | 100.0 | 542.1
       Dungeon |  99.3 |  99.3 |   N/A |   N/A |  99.6 | 617.0
       Ossuary |   0.7 |   0.7 |   N/A |   N/A |   0.4 |  18.0
               +-------+-------+-------+-------+-------+----------------------
